 Dungeon Crawl Stone Soup version 0.28-a0-474-g535839065c (webtiles) character file.

Game seed: 14670810004396052418

2308 SkeletonJelly the Cleaver (level 9, -15/83 HPs)
             Began as a Minotaur Fighter on Sept 16, 2021.
             Was a Follower of Okawaru.
             Demolished by a two-headed ogre (20 damage)
             ... on level 8 of the Dungeon.
             The game lasted 00:17:54 (7895 turns).

SkeletonJelly the Cleaver (Minotaur Fighter)        Turns: 7895, Time: 00:17:55

Health: -15/83     AC: 11    Str: 23    XL:     9   Next: 18%
Magic:  8/8        EV:  6    Int:  5    God:    Okawaru [*.....]
Gold:   695        SH:  5    Dex: 11    Spells: 8/8 levels left

rFire   . . .      SeeInvis .   a - +0 war axe
rCold   . . .      Faith    .   c - +1 buckler
rNeg    . . .      Spirit   .   q - +0 plate armour
rPois   .          Reflect  .   (helmet restricted)
rElec   .          Harm     .   (no cloak)
rCorr   .          Rampage  .   (no gloves)
Will    .....                   (no boots)
Stlth   ..........              (no amulet)
HPRegen 0.23/turn               (no ring)
MPRegen 0.11/turn               (no ring)

@: no status effects
A: horns 2, retaliatory headbutt
a: Renounce Religion, Heroism


You were on level 8 of the Dungeon.
You worshipped Okawaru.
Okawaru was aware of your devotion.
You visited 2 branches of the dungeon, and saw 9 of its levels.
You also visited: Sewer and Ossuary.

You collected 695 gold pieces.

Inventory:

Hand Weapons
 a - a +0 war axe (weapon)
 p - the +1 trident "Ratreo" {freeze, *Corrode rC+++ MP-9 Str+3}
   (You found it on level 4 of the Dungeon)

   It freezes those it strikes, dealing additional cold damage.
   It can also slow down cold-blooded creatures.
   Str:       It affects your strength (+3).
   rC:        It renders you almost immune to cold.
   MP:        It affects your magic capacity (-9).
   *Corrode:  It may corrode you when you take damage.
Missiles
 o - 22 poisoned darts (quivered)
Armour
 b - a +0 scale mail
 c - a +1 buckler (worn)
 q - a +0 plate armour (worn)
Jewellery
 k - a ring of poison resistance
Wands
 z - a wand of flame (19)
Scrolls
 i - 2 scrolls of fog {unknown}
 j - a scroll of blinking
 r - 2 scrolls of enchant armour
 t - a scroll of magic mapping {unknown}
 v - 2 scrolls of teleportation {unknown}
 x - 2 scrolls of enchant weapon {unknown}
 y - a scroll of amnesia
 A - 2 scrolls of identify
 B - a scroll of acquirement {unknown}
Potions
 d - 2 potions of might
 e - a potion of attraction {unknown}
 f - 3 potions of lignification {unknown}
 g - a potion of haste {unknown}
 h - 4 potions of flight {unknown}
 l - 2 potions of mutation {unknown}
 m - 3 potions of curing {unknown}
 n - 3 potions of degeneration {unknown}
 s - 2 potions of heal wounds {unknown}
 u - 2 potions of resistance {unknown}
 w - a potion of brilliance {unknown}


   Skills:
 + Level 9.2 Fighting
 * Level 11.9 Axes
 - Level 3.6 Armour
 - Level 3.6 Shields


You had 8 spell levels left.
You didn't know any spells.
Your spell library contained the following spells:

 Spells                   Type           Power      Damage    Failure   Level
 Ensorcelled Hibernation  Hex/Ice        0%         N/A       100%        2
 Slow                     Hex            0%         N/A       100%        2
 Confusing Touch          Hex            0%         N/A       100%        3
 Portal Projectile        Hex/Tloc       0%         N/A       100%        3
 Spider Form              Tmut/Pois      0%         N/A       100%        3
 Vampiric Draining        Necr           0%         2d6       100%        3
 Leda's Liquefaction      Hex/Erth       0%         N/A       100%        4
 Call Canine Familiar     Summ           Unusable   N/A       N/A         3

Dungeon Overview and Level Annotations

Branches:
Dungeon (8/15)             Temple (1/1) D:6           Sewer (visited)
Ossuary (visited)
   Lair: D:8-11

Altars:
Ashenzari
Cheibriados
Dithmenos
Elyvilon
Gozag
Hepliaklqana
Kikubaaqudgha
Makhleb
Nemelex Xobeh
Okawaru
Qazlal
Ru
Sif Muna
Trog
Uskayaw
Vehumet
Wu Jian
Zin
The Shining One

Shops:
D:1 :   D:3 ?   D:4 [   D:5 (:([?   D:7 [


Innate Abilities, Weirdness & Mutations

You have a pair of horns on your head.
You reflexively headbutt those who attack you in melee.


Message History

You completely miss the hound. Your headbutt misses the hound.
You block the hound's attack.
You barely miss the hound. The hound bites you but does no damage.
The hound bites you.
You take 1 damage, and have 82/83 hp.
You hit the hound.
The hound is moderately wounded.
The hound bites you.
You take 4 damage, and have 78/83 hp.
Your plate armour prevents you from hitting the hound.
The hound is moderately wounded.
The hound bites you but does no damage. x2
You hit the hound.
The hound is heavily wounded.
The hound bites you but does no damage.
You hit the hound. You headbutt the hound.
You kill the hound!
Okawaru accepts your kill.
No target in view!
No target in view!
No target in view!
No target in view!
Done exploring.
Health restored: 83 Done exploring.
Done exploring.
Done exploring.
Search for what [Enter for "."]? .
There is an escape hatch in the ceiling here.
There is an entrance to Ucucs's Antique Armour Emporium here.
You can access your shopping list by pressing '$'.
Unknown command.
Okay, then.
Unknown command.
Done exploring.
Done exploring.
Done exploring.
Done exploring.
Done exploring.
Search for what [Enter for "."]? .
Unknown command.
Unknown command.
Unknown command.
Unknown command.
There is an escape hatch in the floor here.
There is a stone staircase leading down here.
You climb downwards.
There is a stone staircase leading up here.
l - 2 bubbling white potions (gained 1)
A two-headed ogre comes into view.
It is wielding a +0 giant spiked club and a +0 giant club.
A two-headed ogre is nearby!
A two-headed ogre is nearby!
A two-headed ogre is nearby!
A two-headed ogre is nearby!
You throw a poisoned dart.
The poisoned dart hits the two-headed ogre.
The two-headed ogre is poisoned.
You throw a poisoned dart.
The poisoned dart hits the two-headed ogre.
The two-headed ogre looks even sicker.
The two-headed ogre is lightly wounded.
You throw a poisoned dart.
The poisoned dart barely misses the two-headed ogre.
You throw a poisoned dart.
The poisoned dart hits the two-headed ogre.
The two-headed ogre looks even sicker.
The two-headed ogre is lightly wounded.
You throw a poisoned dart.
The poisoned dart hits the two-headed ogre.
The two-headed ogre is lightly wounded.
You throw a poisoned dart.
The poisoned dart barely misses the two-headed ogre.
You throw a poisoned dart.
The poisoned dart hits the two-headed ogre.
The two-headed ogre looks as sick as possible!
The two-headed ogre is lightly wounded.
The two-headed ogre hits you with a +0 giant spiked club!
The two-headed ogre hits you with a +0 giant club!!
You take 26 damage, and have 57/83 hp.
MASSIVE DAMAGE!!
Your plate armour prevents you from hitting the two-headed ogre.
The two-headed ogre is lightly wounded.
The two-headed ogre hits you with a +0 giant spiked club!!
The two-headed ogre hits you with a +0 giant club!!
* * * LOW HITPOINT WARNING * * *
You take 38 damage, and have 19/83 hp.
MASSIVE DAMAGE!!
You are too injured to fight recklessly!
You are too injured to fight recklessly!
You are too injured to fight recklessly!
You are too injured to fight recklessly!
You are too injured to fight recklessly!
You are too injured to fight recklessly!
You are too injured to fight recklessly!
You slash the two-headed ogre!
The two-headed ogre is moderately wounded.
You slash the two-headed ogre!
The two-headed ogre is heavily wounded.
The two-headed ogre hits you with a +0 giant spiked club!
* * * LOW HITPOINT WARNING * * *
The two-headed ogre hits you with a +0 giant club!!
You die...

#..... #....
#....####
#.......#
#####.#.# #.#<#
#.###.#
#####.....#
#...@######
#..O$......#
...........$..#
....(.........#
...(..#.......#
......#########
.(.... #(####


You could see a two-headed ogre (very poisoned).

Vanquished Creatures
  Prince Ribbit (D:7)
  An orc warrior (D:7)
  2 sky beasts (D:7)
  2 black bears
  2 ogres (D:5)
  A centaur (D:7)
  A phantom (D:5)
  3 bullfrogs
  2 water moccasin skeletons (D:5)
  9 wights
  A centaur zombie (D:6)
  A bullfrog zombie (D:7)
  2 hounds
  A jelly (D:7)
  An orc priest (D:7)
  A centaur skeleton (D:7)
  A bullfrog skeleton (D:6)
  4 iguanas
  2 killer bee zombies
  8 mummies (Ossuary)
  6 gnolls
  6 adders
  A worm (D:3)
  A dart slug (D:1)
  15 orcs
  9 ball pythons
  7 endoplasms
  9 giant cockroaches
  A gnoll zombie (Ossuary)
  4 hobgoblins
  4 jackals (D:3)
  4 quokkas
  4 bats
  8 frilled lizards
  11 goblins
  A hobgoblin zombie (Ossuary)
  2 kobolds
  3 kobold zombies (Ossuary)
  3 orc zombies (Ossuary)
  2 rats (D:1)
  4 toadstools (D:6)
151 creatures vanquished.

Vanquished Creatures (others)
  5 fungi (D:6)
  4 plants (D:1)
  A toadstool (D:6)
10 creatures vanquished.

Grand Total: 161 creatures vanquished

Notes
Turn   | Place    | Note
-------+----------+-------------------------------------------
     0 | D:1      | SkeletonJelly the Minotaur Fighter began the quest for the
                  | Orb.
     0 | D:1      | Reached XP level 1. HP: 19/19 MP: 0/0
   268 | D:1      | Reached skill level 3 in Axes
   271 | D:1      | Reached XP level 2. HP: 27/27 MP: 1/1
   373 | D:1      | Found Piuzxin's Book Emporium.
   680 | D:2      | Found a faded altar of an unknown god.
   954 | D:2      | Reached XP level 3. HP: 33/33 MP: 2/2
   973 | D:2      | Found a bloodstained altar of Trog.
  1385 | D:3      | Found a broken altar of Ashenzari.
  1478 | D:3      | Reached skill level 4 in Axes
  1592 | D:3      | Found a glowing drain.
  1612 | Sewer    | Entered a sewer
  1851 | Sewer    | Reached XP level 4. HP: 41/41 MP: 3/3
  1988 | Sewer    | Noticed a bullfrog
  1989 | Sewer    | Noticed a bullfrog
  1994 | Sewer    | Killed a bullfrog
  1995 | Sewer    | Reached skill level 5 in Fighting
  1995 | Sewer    | Reached skill level 5 in Axes
  1995 | Sewer    | Reached XP level 5. HP: 33/48 MP: 4/4
  1997 | Sewer    | Reached skill level 6 in Axes
  2563 | D:3      | Reached XP level 6. HP: 47/56 MP: 5/5
  2734 | D:3      | Found Len Bouk's Magic Scroll Shoppe.
  3152 | D:4      | Found Sueck's Antique Armour Shoppe.
  3155 | D:4      | Identified the +1 trident "Ratreo" {freeze, *Corrode rC+++
                  | MP-9 Str+3}
  3515 | D:4      | Reached skill level 7 in Axes
  3709 | D:4      | Found a shimmering blue altar of Sif Muna.
  3911 | D:4      | Found an opulent altar of Gozag.
  3912 | D:4      | Found an ancient bone altar of Kikubaaqudgha.
  3952 | D:5      | Entered Level 5 of the Dungeon
  3952 | D:5      | Found Ovvum's Book Boutique.
  3953 | D:5      | Found Yxoiwac's Weapon Shop.
  4033 | D:5      | Reached XP level 7. HP: 59/64 MP: 6/6
  4118 | D:5      | Reached skill level 8 in Axes
  4163 | D:5      | Found Syasicoime's Antique Weapon Shoppe.
  4445 | D:5      | Found Zierez's Antique Armour Shop.
  4464 | D:5      | Found Todur's Magic Scroll Shoppe.
  4543 | D:5      | Reached skill level 9 in Axes
  4755 | D:6      | Reached XP level 8. HP: 44/73 MP: 7/7
  5089 | D:6      | Found a sand-covered staircase.
  5135 | Ossuary  | Entered an ossuary
  5316 | Ossuary  | Reached skill level 10 in Axes
  6014 | D:6      | Found a staircase to the Ecumenical Temple.
  6142 | Temple   | Entered the Ecumenical Temple
  6356 | Temple   | Became a worshipper of Warmaster Okawaru
  6827 | D:7      | Reached skill level 11 in Axes
  6890 | D:7      | Reached * piety under Okawaru
  6917 | D:7      | Found Ucucs's Antique Armour Emporium.
  7099 | D:7      | Reached XP level 9. HP: 76/82 MP: 8/8
  7133 | D:7      | Noticed Prince Ribbit
  7176 | D:7      | Killed Prince Ribbit
  7457 | D:7      | Found a sparkling altar of Nemelex Xobeh.
  7779 | D:7      | Found a burning altar of Makhleb.
  7885 | D:8      | Noticed a two-headed ogre
  7895 | D:8      | Demolished by a two-headed ogre

Illustrated notes

Levels and vault maps discovered:
D:1:      tarquinn_simple_flora_water_c, layout_basic, serial_shops, shop,
          minmay_misc_feat_more_columns
D:2:      layout_rooms, shapermc_ecumenical_altar_totnotflames, basic_altar,
          minmay_crystal_room, chequers_big_river, palyth_stone_intersect
D:3:      layout_loops_ring, mainiacjoe_overflow_paths, gup_sewer_entry_glass,
          serial_shops, shop
D:4:      layout_basic, minitemple, mainiacjoe_overflow_surrounded_room,
          serial_shops, shop
D:5:      layout_cave_pools, serial_shops, nicolae_shop_overgrown_old_shop,
          nicolae_shop_overgrown_old_shop, nicolae_stop_n_shop_2,
          nicolae_square_shop, shop
D:6:      layout_basic, temple_doors_cd, nicolae_ossuary_entry_false_entrances,
          chequers_serial_rivers_micro_a, minmay_gold_behind_fungi
D:7:      layout_loops_ring, makhleb_heckhound_becter,
          nemelex_spade_bored_becter, serial_shops, shop, skrybe_limestone_x,
          hex_tiny, uniq_prince_ribbit1
D:8:      layout_basic, grunt_ministairs_12
Temple:   nicolae_temple_figure_eight

Skill      XL: |  1  2  3  4  5  6  7  8  9 |
---------------+----------------------------+-----
Axes           | 3 4 5 6 7 9 11 | 11.9
Fighting       | 4 5 6 7 8 9 |  9.2
Armour         | |  3.6
Shields        | |  3.6

Action                   |  1- 3 |  4- 6 |  7- 9 || total
-------------------------+-------+-------+-------++-------
Melee: War axe           |    85 |   111 |   169 ||   365
       Headbutt          |     9 |    15 |    36 ||    60
Throw: Dart              |       |       |     7 ||     7
  Use: Scroll            |     4 |       |     1 ||     5
Armor: Scale mail        |    56 |    19 |       ||    75
       Plate armour      |       |    13 |    65 ||    78
Dodge: Dodged            |    41 |    56 |    41 ||   138
Block: Buckler           |    28 |    34 |    40 ||   102

Table legend: (Time is in decaauts)
 A = Elapsed time spent in this place.
 B = Non-inter-level travel time spent in this place.
 C = Inter-level travel time spent in this place.
 D = Time resting spent in this place.
 E = Time spent auto-exploring this place.
 F = Levels seen in this place.
 G = Mean time per level.
                   A        B        C        D        E       F      G
               +--------+--------+--------+--------+--------+-----+--------+
         Total |   8048 |   7667 |    381 |      0 |   6268 |  11 |  731.6 |
       Dungeon |   6671 |   6309 |    362 |      0 |   5148 |   8 |  833.9 |
        Temple |    224 |    205 |     19 |      0 |    203 |   1 |  224.0 |
         Sewer |    786 |    786 |      0 |      0 |    636 |   1 |  786.0 |
       Ossuary |    366 |    366 |      0 |      0 |    281 |   1 |  366.0 |
               +--------+--------+--------+--------+--------+-----+--------+

Top non-repeatable levels by time:
     D:7: 1345 daAuts
     D:6: 1271 daAuts
     D:4: 1093 daAuts
     D:3: 944 daAuts
   Sewer: 786 daAuts
     D:5: 719 daAuts
     D:2: 680 daAuts
     D:1: 598 daAuts
 Ossuary: 366 daAuts
  Temple: 224 daAuts
     D:8: 18 daAuts
